cohdb
Replays
Latest Replays
All Replays
Popular Replays
Top Player Replays
Match Explorer
How It Works
Community
CoH3 Stats
Reddit
Sign in to upload your games and track your stats! →
Sign in with Steam
Match 30829123
Unlisted
Match 30829123
Overview
Messages
Build Orders
End
Construct Infanterie Kompanie
Selects Mechanized Battlegroup
Selects Mechanized Battlegroup
Kettenkrad Recon Vehicle
MG 42 Machine Gun Team
MG 42 Machine Gun Team
Construct Luftwaffe Kompanie
GrW 34 Mortar Team
Support Elements
MG 42 Bunker
MG 42 Machine Gun Team
Wirbelwind Flakpanzer
Selects Spotting Scopes
Selects Stoßtruppen Assault Package
Kettenkrad Recon Vehicle
Marder III M Tank Destroyer
Grenadier Squad
Grenadier Squad
Selects Zeroing Artillery Barrage
Zeroing Artillery Barrage
Wirbelwind Flakpanzer
Kettenkrad Recon Vehicle
Wirbelwind Flakpanzer
Kettenkrad Recon Vehicle
nq8054
MAOMAO
MSZW
[12thGGR]K1
HelloFriends :D
Get over yourself
matrix4x4
帝国VD
0
0
Comments
sign in to comment!
No comments posted yet!